 Dungeon Crawl Stone Soup version 0.19-a0-1238-gee6bd96 (webtiles) character file.

373 Ijustatesigmund the Conjurer (level 6, -1/38 HPs)
             Began as an Octopode Wizard on Aug 26, 2016.
             Killed by divine providence
             ... invoked by an orc priest
              (16 damage)
             ... on level 3 of the Dungeon.
             The game lasted 00:13:29 (3764 turns).

Ijustatesigmund the Conjurer (Octopode Wizard)      Turns: 3764, Time: 00:13:30

Health: -1/38      AC:  1    Str:  6    XL:     6   Next: 71%
Magic:  1/10       EV: 13    Int: 22    God:
Gold:   182        SH:  0    Dex: 11    Spells: 4 memorised, 3 levels left

rFire  . . .     SeeInvis .     f - +0 dagger
rCold  . . .     Gourm    .     (no shield)
rNeg   . . .     Faith    .     a - +0 hat
rPois  .         Spirit   .     (no amulet)
rElec  .         Dismiss  .     o - ring of flight
rCorr  .         Reflect  .     (no ring)
MR     .....     Harm     .     (no ring)
Stlth  +++.......               (no ring)
                                (no ring)
                                (no ring)
                                (no ring)
                                (no ring)

@: repel missiles
A: almost no armour, amphibious, 8 rings, constrict 8, camouflage 1, gelatinous
body 1
a: Evoke Flight


You were on level 3 of the Dungeon.
You were not hungry.

You visited 1 branch of the dungeon, and saw 3 of its levels.

You collected 182 gold pieces.

Inventory:

Hand Weapons
 f - a +0 dagger (weapon)
Missiles
 n - 3 tomahawks (quivered)
Armour
 a - a +0 hat (worn)
Jewellery
 o - a ring of flight (left tentacle)
Scrolls
 j - a scroll of teleportation
 p - a scroll of amnesia
 r - a scroll of remove curse
Potions
 d - a potion of haste
 e - a potion of curing
 i - a potion of agility
 k - a potion of ambrosia {unknown}
 m - 2 potions of brilliance {unknown}
 q - a potion of invisibility {unknown}
Books
 b - a book of Minor Magic

   Spells                             Type                      Level
   a - Magic Dart                     Conjuration                  1
   b - Blink                          Translocation                2
   c - Call Imp                       Summoning                    2
   d - Repel Missiles                 Charms/Air                   2
   e - Slow                           Hexes                        2
   f - Conjure Flame                  Conjuration/Fire             3
   g - Mephitic Cloud                 Conjuration/Poison/Air       3
Comestibles
 c - a bread ration
 g - a meat ration
 h - a royal jelly
 l - a slice of pizza


   Skills:
 + Level 1.1 Fighting
 + Level 1.7 Short Blades
 + Level 2.4 Dodging
 - Level 3.2 Stealth
 - Level 3.0 Spellcasting
 - Level 4.0 Conjurations
   Level 1.0 Summonings
 - Level 2.0 Translocations
 - Level 2.6 Air Magic
 - Level 2.2 Poison Magic


You had 3 spell levels left.
You knew the following spells:

 Your Spells              Type           Power        Failure   Level  Hunger
a - Magic Dart            Conj           ###.         2%          1    None
b - Blink                 Tloc           N/A          10%         2    ##.....
c - Repel Missiles        Chrm/Air       #.....       12%         2    ##.....
d - Mephitic Cloud        Conj/Pois/Air  ###.....     12%         3    ###....


Dungeon Overview and Level Annotations

Branches:
Dungeon (3/15)

Altars:
Kikubaaqudgha
Sif Muna
The Shining One


Innate Abilities, Weirdness & Mutations

You cannot wear most types of armour.
You are amphibious.
You can wear up to eight rings at the same time.
You can use your tentacles to constrict eight enemies at once.
Your skin changes colour to match your surroundings (Stealth+).
Your rubbery body absorbs attacks. (AC +1, EV +1)


Message History

You hit the orc priest. You grab the orc priest.
The orc priest is moderately wounded.
You constrict the orc priest, but do no damage.
The orc priest barely misses you.
You hit the orc priest but do no damage.
The orc priest is moderately wounded.
You constrict the orc priest. The orc priest closely misses you.
You hit the orc priest but do no damage.
The orc priest is moderately wounded.
You constrict the orc priest, but do no damage.
The orc priest closely misses you.
You hit the orc priest.
The orc priest is moderately wounded.
You constrict the orc priest. The orc priest hits you.
You hit the orc priest but do no damage.
The orc priest is heavily wounded.
You constrict the orc priest, but do no damage.
The orc priest calls down the wrath of Beogh upon you.
Beogh smites you!
You die...

##########.#.#.#.#.#
............†#.#.#.#
.#########.###.#.#.#
..........[# #.#.#.#
...######### #.#.#.#
...# ########.#.#
...# #........#.#
...# ###.######.#
...######.# #@#
..........# #o#
########### #Z# #.#
#.# .#.#####.#.#
......S<...#
##.#####.#.# ...


You could see an orc priest and a jackal zombie.

Vanquished Creatures
  Sigmund (D:3)
  2 orc priests (D:3)
  8 adders
  2 worms
  2 dart slugs (D:1)
  2 giant geckos (D:2)
  15 orcs (D:3)
  3 ball pythons
  7 bats
  4 bat zombies (D:3)
  4 giant cockroaches
  10 goblins
  7 hobgoblins
  7 jackals (D:2)
  7 kobolds
  A quokka (D:2)
  2 giant newts
  4 rats
  3 rat zombies (D:3)
91 creatures vanquished.

Notes
Turn   | Place    | Note
-------+----------+-------------------------------------------
     0 | D:1      | Ijustatesigmund the Octopode Wizard began the quest for the Orb.
     0 | D:1      | Reached XP level 1. HP: 11/11 MP: 4/4
   248 | D:1      | Reached XP level 2. HP: 14/17 MP: 1/6
   356 | D:1      | Reached skill level 2 in Conjurations
   466 | D:1      | Learned a level 2 spell: Blink
   469 | D:1      | Learned a level 2 spell: Repel Missiles
   785 | D:2      | Found a deep blue altar of Sif Muna.
   836 | D:2      | Reached XP level 3. HP: 21/21 MP: 3/7
  1048 | D:2      | Reached skill level 3 in Conjurations
  1191 | D:2      | Reached XP level 4. HP: 27/27 MP: 3/8
  1196 | D:2      | Learned a level 3 spell: Mephitic Cloud
  1284 | D:2      | Found a glowing golden altar of the Shining One.
  2103 | D:3      | Reached skill level 4 in Conjurations
  2168 | D:3      | Reached XP level 5. HP: 31/31 MP: 6/9
  2311 | D:3      | Noticed Sigmund
  2450 | D:3      | Killed Sigmund
  2450 | D:3      | Reached XP level 6. HP: 36/36 MP: 1/10
  3047 | D:3      | Found an ancient bone altar of Kikubaaqudgha.
  3151 | D:3      | Reached skill level 1 in Short Blades
  3180 | D:3      | Reached skill level 1 in Fighting
  3764 | D:3      | Killed from afar by an orc priest

Vault maps used:
D:1:      roderic_crop_circles_arrival_small
D:2:      overflow_temple_1_default, led_sif_pool
D:3:      lemuel_zombie_altar_kikubaaqudgha, uniq_sigmund

Skill      XL: |  1  2  3  4  5  6 |
---------------+-------------------+-----
Stealth        | 3 |  3.2
Conjurations   | 2 3 4 |  4.0
Translocations | 2 |  2.0
Air Magic      | 2 |  2.6
Poison Magic   | 2 |  2.2
Short Blades   | 1 |  1.7
Fighting       | 1 |  1.1
Dodging        | |  2.4
Spellcasting   | |  3.0
Summonings     | |  1.0

Action                   |  1- 3 |  4- 6 || total
-------------------------+-------+-------++-------
Melee: Unarmed           |     3 |       ||     3
       Constrict         |     2 |    15 ||    17
       Dagger            |     2 |    90 ||    92
       Tentacles         |       |    18 ||    18
 Cast: Magic Dart        |    61 |   132 ||   193
       Repel Missiles    |     1 |     1 ||     2
       Mephitic Cloud    |       |     2 ||     2
       Blink             |       |     1 ||     1
  Use: Scroll            |     4 |     5 ||     9
       Potion            |       |     2 ||     2
 Stab: Sleeping          |       |     1 ||     1
  Eat: Chunk             |       |     9 ||     9
Armor: Skin              |     1 |     4 ||     5
Dodge: Dodged            |     7 |    81 ||    88
       Deflected         |       |     2 ||     2
